 Dungeon Crawl Stone Soup version 0.29.1-1-gd02db6906a (webtiles) character file.

Game seed: 7327917981309695791

86 H0rd4k the Charlatan (level 4, 0/33 HPs)
             Began as a Human Artificer on Oct 6, 2022.
             Shot with a sling bullet by a goblin (4 damage)
             ... on level 4 of the Dungeon.
             The game lasted 00:03:14 (4288 turns).

H0rd4k the Charlatan (Human Artificer)              Turns: 4288, Time: 00:03:15

Health: 0/33       AC:  6    Str: 12    XL:     4   Next: 77%
Magic:  4/4        EV: 12    Int: 13    God:
Gold:   187        SH:  0    Dex: 14    Spells: 3/3 levels left

rFire   . . .      SeeInvis .   b - +2 mace (protect)
rCold   . . .      Faith    .   (no shield)
rNeg    . . .      Spirit   .   q - +1 robe {Archmagi}
rPois   .          Reflect  .   v - +2 hat
rElec   .          Harm     .   (no cloak)
rCorr   .          Rampage  .   (no gloves)
Will    .....      Archmagi +   w - +0 pair of boots
Stlth   ++........              (no amulet)
HPRegen 0.11/turn               (no ring)
MPRegen 0.09/turn               (no ring)

@: no status effects
A: no striking features
a: no special abilities


You were on level 4 of the Dungeon.
You visited 1 branch of the dungeon, and saw 4 of its levels.

You collected 187 gold pieces.

Inventory:

Hand Weapons
 b - a +2 mace of protection (weapon)
 t - a +0 great mace
Missiles
 m - 4 curare-tipped darts (quivered)
Armour
 q - a +1 robe of the Archmagi (worn)
 v - a +2 hat (worn)
 w - a +0 pair of boots (worn)
Jewellery
 h - a ring of protection from cold
Wands
 c - a wand of flame (8)
 d - a wand of charming (6)
 e - a wand of iceblast (5)
Scrolls
 g - a scroll of summoning {unknown}
 i - a scroll of immolation {unknown}
 k - a scroll of enchant weapon {unknown}
 l - a scroll of acquirement {unknown}
 n - 2 scrolls of teleportation {unknown}
 r - a scroll of magic mapping {unknown}
 u - a scroll of blinking {unknown}
 x - a scroll of identify {unknown}
Potions
 a - a potion of resistance {unknown}
 f - a potion of lignification {unknown}
 j - 2 potions of curing {unknown}
 o - a potion of mutation {unknown}
 p - 2 potions of brilliance {unknown}
 s - a potion of heal wounds {unknown}


   Skills:
 + Level 2.2 Fighting
 + Level 2.4 Maces & Flails
 - Level 2.0 Armour
 + Level 2.3 Dodging
 - Level 1.0 Stealth
 - Level 3.0 Evocations


You had 3 spell levels left.
You didn't know any spells.
Your spell library contained the following spells:

 Spells                   Type           Power      Damage    Failure   Level
 Ensorcelled Hibernation  Hex/Ice        0%         N/A       43%         2
 Passwall                 Tmut/Erth      0%         N/A       43%         2
 Swiftness                Air            0%         N/A       67%         3


Dungeon Overview and Level Annotations

Branches:
Dungeon (4/15)
 Temple: D:4-7

Altars:

Shops:
D:1 !   D:2 :

Annotations:
D:3 exclusion: ice beast


Message History

Press: ? - help, Shift-Dir - straight line, f - adder
Aim: an adder (chance to affect: 65%)
The adder struggles to resist.
You feel sick. The adder bites you but does no damage.
Unknown command.
Aiming: Charm
Press: ? - help, Shift-Dir - straight line, f/p - adder
Aim: an adder (chance to affect: 65%)
The adder is charmed.
You feel sick.
Unknown command.
What are your orders? t - Shout!
Orders for allies: a - Attack new target. p - Attack previous target. r - Retreat! s - Stop attacking. g - Guard the area. f - Follow me.
Anything else - Cancel.
Guard this area!
You feel sick.
Your adder bites the gnoll.
The gnoll hits you from afar with a +0 spear.
Unknown command.
You feel sick.
Your adder bites the gnoll but does no damage.
The gnoll closely misses your adder. The gnoll hits you but does no damage.
The endoplasm freezes you.
You are frozen.
* * * LOW HITPOINT WARNING * * *
Your adder closely misses the gnoll.
You feel sick. The gnoll misses your adder. The endoplasm barely misses you.
Your adder bites the gnoll.
You feel sick.
The gnoll hits your adder with a +0 flail!
Your adder dies!
The endoplasm jiggles.
The endoplasm attacks as you move away! The endoplasm closely misses you.
You feel sick.
You are no longer poisoned.
The goblin shoots a sling bullet.
The sling bullet hits you but does no damage.
The goblin shoots a sling bullet.
The sling bullet closely misses you.
The goblin shoots a sling bullet.
The sling bullet hits you.
You die...

.. #.####..# ..# ...
#...##..##..# .... #...#.....J#
.. #..##.........## ## #. #...
##........[...### .. #.# <..#
#...#...........###.## #..###.#
##................##..# #......
#.........n.......##..# #......#
#..............@....# ###..##..#
###.....##..#..J.g..###...##....
#.<.#.....###..........#......
##..#...#.##.......##..##.....
###....####.......##g.......#
.....##......gggg........#
....##...##..#.g##..##....
#.#......#...#.###.###...#
##.....###....#.....#...#


You could see a necrophage, 4 gnolls, an endoplasm, a hobgoblin and a goblin.

Vanquished Creatures
  An orc wizard (D:3)
  An adder (D:2)
  A worm (D:2)
  2 dart slugs (D:1)
  2 orcs
  A bat (D:2)
  4 endoplasms
  7 goblins
  3 hobgoblins
  4 jackals
  4 kobolds
  3 quokkas (D:1)
  A ball python (D:3)
  A frilled lizard (D:1)
  6 rats
41 creatures vanquished.

Vanquished Creatures (collateral kills)
  3 orcs (D:3)
  A jackal (D:4)
4 creatures vanquished.

Vanquished Creatures (others)
  An adder (D:4)
1 creature vanquished.

Grand Total: 46 creatures vanquished

Notes
Turn   | Place    | Note
-------+----------+-------------------------------------------
     0 | D:1      | H0rd4k the Human Artificer began the quest for the Orb.
     0 | D:1      | Reached XP level 1. HP: 15/15 MP: 1/1
   254 | D:1      | Reached XP level 2. HP: 11/21 MP: 2/2
   562 | D:1      | Found Negiytt's Distillery.
   593 | D:1      | Reached skill level 1 in Maces & Flails
  1186 | D:1      | Reached XP level 3. HP: 25/26 MP: 3/3
  1382 | D:1      | Found a faded altar of an unknown god.
  2281 | D:2      | Found Ogyu's Vocational Training.
  2319 | D:2      | Reached XP level 4. HP: 29/33 MP: 4/4
  3517 | D:3      | Noticed an ice beast
  4185 | D:4      | Noticed a necrophage
  4288 | D:4      | Shot with a sling bullet by a goblin

Illustrated notes

Levels and vault maps discovered:
D:1:      minmay_arrival_stair_chambers, layout_basic,
          shapermc_ecumenical_altar_mp_highgroup, serial_shops,
          nicolae_shop_trees
D:2:      layout_loops_ring, serial_glass, glass_columns_a, glass_columns_b,
          nicolae_shop_vocational
D:3:      layout_basic
D:4:      layout_cave_pools

Skill      XL: |  1  2  3  4 |
---------------+-------------+-----
Maces & Flails | 1 2 |  2.4
Dodging        | 2 |  2.3
Fighting       | 2 |  2.2
Armour         | |  2.0
Stealth        | |  1.0
Evocations     | |  3.0

Action                   |  1- 3 |  4- 6 || total
-------------------------+-------+-------++-------
Melee: Club              |   130 |       ||   130
       Punch             |     4 |       ||     4
       Great mace        |     2 |    29 ||    31
       Mace              |       |    15 ||    15
Throw: Dart              |     2 |       ||     2
Evoke: Wand              |     3 |    13 ||    16
 Stab: Sleeping          |     3 |     1 ||     4
Armor: Leather armour    |    28 |       ||    28
       Robe              |     7 |    27 ||    34
Dodge: Dodged            |    79 |    32 ||   111
